 Dungeon Crawl Stone Soup version 0.27-a0-417-g317cea8a3c (webtiles) character file.

Game seed: 13059065854838263076

5242 HoaS the Cruncher (level 10, -1/73 HPs)
             Began as a Demigod Gladiator on Feb 25, 2021.
             Killed from afar by a fire giant (16 damage)
             ... with a bolt of fire
             ... on level 9 of the Dungeon.
             The game lasted 00:26:33 (11620 turns).

HoaS the Cruncher (Demigod Gladiator)              Turns: 11620, Time: 00:26:34

Health: -1/73      AC: 18    Str: 23    XL:     10   Next: 14%
Magic:  13/13      EV: 10    Int: 10    God:
Gold:   1668       SH:  5    Dex: 25    Spells: 9/9 levels left

rFire    + + .     SeeInvis .   a - +2 quarterstaff
rCold    + + .     Faith    .   (shield currently unavailable)
rNeg     . . .     Spirit   .   B - +2 chain mail {rC+}
rPois    .         Reflect  +   c - +2 helmet
rElec    .         Harm     .   J - scarf {rC+ rF+}
rCorr    .         Rampage  .   r - +1 pair of gloves
Will     +....                  z - +2 pair of boots
Stlth    ..........             t - amulet of reflection
HPRegen  0.22/turn              s - +6 ring of dexterity
MPRegen  0.13/turn              A - ring of protection from fire

@: mighty
A: high mp 1
a: no special abilities


You were on level 9 of the Dungeon.
You visited 1 branch of the dungeon, and saw 10 of its levels.
You also visited: Ossuary and Bailey.

You collected 1668 gold pieces.

Inventory:

Hand Weapons
 a - a +2 quarterstaff (weapon)
Missiles
 d - 8 throwing nets (quivered)
 i - 13 boomerangs
 E - 5 javelins
 F - 21 poisoned darts
Armour
 c - a +2 helmet (worn)
 r - a +1 pair of gloves (worn)
 z - a +2 pair of boots (worn)
 B - a +2 chain mail of cold resistance (worn)
 J - a scarf of resistance (worn)
Jewellery
 g - a ring of ice
 n - a ring of flight
 s - a +6 ring of dexterity (left hand)
 t - an amulet of reflection (around neck)
 A - a ring of protection from fire (right hand)
Wands
 k - a wand of paralysis (6)
 y - a wand of digging (2)
 H - a wand of iceblast (9)
Scrolls
 e - 4 scrolls of blinking
 u - 2 scrolls of teleportation
 v - 3 scrolls of enchant weapon
 x - a scroll of fear
 C - a scroll of holy word
 K - a scroll of identify
Potions
 f - a potion of ambrosia {unknown}
 h - 4 potions of flight
 j - 2 potions of heal wounds {unknown}
 l - 2 potions of brilliance {unknown}
 m - 5 potions of curing
 o - 3 potions of attraction
 p - 3 potions of mutation
 q - 2 potions of resistance {unknown}
 w - a potion of magic {unknown}
 D - a potion of haste {unknown}
 G - 2 potions of lignification {unknown}
Miscellaneous
 I - a box of beasts


   Skills:
 - Level 1.7 Fighting
 + Level 13.8 Staves
 - Level 1.7 Throwing
 - Level 2.6 Dodging


You had 9 spell levels left.
You didn't know any spells.
Your spell library contained the following spells:

 Spells                   Type           Power        Failure   Level
 Corona                   Hex            0%           98%         1
 Foxfire                  Conj/Fire      0%           98%         1
 Sandblast                Erth           0%           98%         1
 Ensorcelled Hibernation  Hex/Ice        0%           99%         2
 Passwall                 Tmut/Erth      0%           99%         2
 Confusing Touch          Hex            0%           100%        3
 Conjure Flame            Conj/Fire      0%           100%        3
 Dazzling Flash           Conj/Hex       0%           100%        3
 Inner Flame              Hex/Fire       0%           100%        3
 Stone Arrow              Conj/Erth      0%           100%        3
 Tukima's Dance           Hex            0%           100%        3
 Petrify                  Tmut/Erth      0%           100%        4
 Sticky Flame             Conj/Fire      0%           100%        4
 Bolt of Magma            Conj/Fire/Erth 0%           100%        5
 Fireball                 Conj/Fire      0%           100%        5
 Iskenderun's Battlesphe  Conj           0%           100%        5
 Lee's Rapid Deconstruct  Erth           0%           100%        5
 Iron Shot                Conj/Erth      0%           100%        6
 Orb of Destruction       Conj           0%           100%        7
 Spellforged Servitor     Conj/Summ      0%           100%        7


Dungeon Overview and Level Annotations

Branches:
Dungeon (10/15)            Temple (0/1) D:4         Ossuary (visited)
 Bailey (visited)
   Lair: D:8-11         Orc: D:9-12

Shops:
D:5 !   D:7 =

Annotations:
D:8 2 transporters, wakim's ghost, novice MfVM


Innate Abilities, Weirdness & Mutations

You have an increased reservoir of magic. (+10% MP)


Message History

You hit the killer bee but do no damage.
The killer bee closely misses you.
You bludgeon the killer bee!!
You kill the killer bee!
No target in view!
You start resting.
HP restored.
You climb downwards.
There is a stone staircase leading up here.
You throw a throwing net.
The throwing net barely misses the fire giant.
The fire giant points at you and mumbles some strange words.
The fireball explodes!
The fireball engulfs you! You resist.
You hear an angry buzzing noise.
You throw a throwing net. The throwing net hits the fire giant.
The fire giant is too large for the net to hold!
You throw a throwing net. The throwing net hits the fire giant.
The fire giant is too large for the net to hold!
The fire giant closely misses you.
The fire giant hits you with the +7 great mace "Firestarter" {inner flame, rF++}.
You climb upwards.
There is a stone staircase leading down, spattered with blood here.
You feel very mighty all of a sudden.
The fire giant hits you with the +7 great mace "Firestarter" {inner flame, rF++}!!
The fire giant burns you.
You thump the fire giant!
The fire giant is lightly wounded.
You sock the fire giant!
The fire giant is moderately wounded.
You sock the fire giant!
The fire giant is moderately wounded.
The fire giant gestures at you while chanting.
The fireball explodes!
The fireball engulfs you! You resist.
* * * LOW HITPOINT WARNING * * *
The fireball engulfs the fire giant.
The fire giant completely resists.
You sock the fire giant!
The fire giant is heavily wounded.
The fire giant casts a spell at you. The bolt of fire hits you! You resist.
You die...

# ############# #
#...........##### #
#####...............# #
#.............<.....### #
###.###.................# #
#.........)...@.........#######
###.8.....8....C...†.............
........................)).......
.........................[.......
.......................###.......
......>.........[......#.#)......
............####.......#.#'#.....
....8.....8....#.......#.†.#.....
...............#######'#..###.###


You could see a fire giant.

Vanquished Creatures
  Harold (D:8)
  The ghost of Wendigo the Shooter, an amateur DgHu (D:5)
  A troll (D:9)
  A wyvern (D:8)
  2 fire bats (D:9)
  An orc warrior (D:10)
  The ghost of Inkie the Chopper, an amateur GnCK of Xom (D:3)
  2 ice beasts
  An ogre (D:9)
  2 centaurs
  2 phantoms
  2 bullfrogs
  8 gnoll sergeants (Bailey)
  4 scorpions
  3 wights (D:8)
  3 killer bees (D:9)
  The ghost of p0werm0de the Skirmisher, a weakling GrFi (D:3)
  3 howler monkeys
  A bullfrog zombie (D:7)
  A human zombie (Ossuary)
  3 centaur zombies
  4 hounds
  2 jellies (D:5)
  3 orc priests
  A bullfrog skeleton (D:9)
  7 gnoll shamans
  Natasha (thrice) (D:4)
  5 orc wizards
  9 worker ants
  A hound zombie (D:8)
  4 mummies (Ossuary)
  A howler monkey zombie (D:9)
  A worker ant zombie (D:5)
  25 gnolls
  7 adders
  3 ufetubi
  An ooze (D:1)
  An adder zombie (D:5)
  A worm (D:3)
  2 dart slugs (D:1)
  8 leopard geckos
  31 orcs
  5 giant cockroaches
  A gnoll zombie (Ossuary)
  12 hobgoblins
  17 jackals
  5 kobolds
  A quokka (D:2)
  8 bats
  5 frilled lizards
  12 goblins
  2 hobgoblin zombies (Ossuary)
  A kobold zombie (Ossuary)
  A leopard gecko skeleton (D:6)
  2 leopard gecko zombies
  An orc zombie (Ossuary)
  A quokka skeleton (D:4)
  2 quokka zombies
  8 rats
248 creatures vanquished.

Vanquished Creatures (others)
  3 plants (D:1)
3 creatures vanquished.

Grand Total: 251 creatures vanquished

Notes
Turn   | Place    | Note
-------+----------+-------------------------------------------
     0 | D:1      | HoaS the Demigod Gladiator began the quest for the Orb.
     0 | D:1      | Reached XP level 1. HP: 17/17 MP: 3/3
    54 | D:1      | Reached skill level 3 in Staves
   266 | D:1      | Reached XP level 2. HP: 24/24 MP: 4/4
   569 | D:1      | Reached XP level 3. HP: 24/29 MP: 5/5
   601 | D:1      | Reached skill level 4 in Staves
  1243 | D:2      | Found an ancient bone altar of Kikubaaqudgha.
  1865 | D:3      | Reached XP level 4. HP: 35/36 MP: 6/6
  1914 | D:3      | Found a runed translucent gate.
  1915 | D:3      | Found a runed translucent gate.
  1918 | D:3      | Found a runed translucent gate.
  1918 | D:3      | Noticed Inkie's ghost (amateur GnCK)
  1918 | D:3      | Noticed p0werm0de's ghost (weakling GrFi)
  2440 | D:3      | Found a hazy altar of Hepliaklqana.
  2445 | D:3      | Found a glowing silver altar of Zin.
  2460 | D:3      | Reached skill level 5 in Staves
  2764 | D:4      | Reached XP level 5. HP: 34/41 MP: 7/7
  2912 | D:4      | Noticed Natasha
  2939 | D:4      | Killed Natasha
  2940 | D:4      | Reached skill level 6 in Staves
  3159 | D:4      | Reached XP level 6. HP: 41/48 MP: 8/8
  3462 | D:4      | Noticed Natasha
  3463 | D:4      | Found a staircase to the Ecumenical Temple.
  3467 | D:4      | Killed Natasha
  3748 | D:5      | Entered Level 5 of the Dungeon
  3760 | D:5      | Reached skill level 7 in Staves
  4414 | D:5      | Reached XP level 7. HP: 51/53 MP: 9/9
  4521 | D:5      | Found Cisuem Emi's Distillery.
  4527 | D:5      | Reached skill level 8 in Staves
  4844 | D:5      | Noticed Wendigo's ghost (amateur DgHu)
  4845 | D:5      | Found a runed translucent door.
  4924 | D:6      | Identified the +1 robe "Humau" {Dex+4}
  4974 | D:6      | Found a sand-covered staircase.
  4979 | Ossuary  | Entered an ossuary
  5410 | D:4      | Noticed Natasha
  5428 | D:4      | Killed Natasha
  6406 | D:7      | Reached skill level 9 in Staves
  6432 | D:7      | Found Xulettuh's Jewellery Shoppe.
  6594 | D:7      | Found a hide-covered altar of Uskayaw.
  6709 | D:7      | Reached XP level 8. HP: 58/60 MP: 10/10
  6745 | D:7      | Found a shimmering altar of Xom.
  7250 | D:3      | Killed p0werm0de's ghost
  7281 | D:3      | Killed Inkie's ghost
  7282 | D:3      | Reached skill level 10 in Staves
  7445 | D:8      | Found a transporter.
  7454 | D:8      | Noticed Harold
  7489 | D:8      | Killed Harold
  7490 | D:8      | Reached skill level 11 in Staves
  7494 | D:8      | Reached XP level 9. HP: 9/67 MP: 11/11
  7799 | D:8      | Noticed wakim's ghost (novice MfVM)
  7869 | D:8      | Found a transporter.
  7963 | D:8      | Found a sacrificial altar of Ru.
  8191 | D:8      | Reached skill level 12 in Staves
  8528 | D:5      | Killed Wendigo's ghost
  8719 | D:9      | Found a bloodstained altar of Trog.
  8875 | D:9      | Found an opulent altar of Gozag.
  9052 | D:9      | Found a flagged portal.
  9068 | Bailey   | Entered a bailey
  9166 | Bailey   | Reached skill level 13 in Staves
  9182 | Bailey   | HP: 2/67 [gnoll/+0 spear (3)]
 10507 | Bailey   | Identified masterwork shadow dragon scales
 10968 | D:10     | Entered Level 10 of the Dungeon
 10998 | D:10     | Identified a scorched chain mail
 11027 | D:10     | Identified a dazzling plate armour
 11123 | D:10     | Reached XP level 10. HP: 60/73 MP: 13/13
 11264 | D:10     | Noticed a fire giant
 11620 | D:9      | Killed from afar by a fire giant

Illustrated notes

Levels and vault maps discovered:
D:1:      wander_arrival_lonely_grave, layout_loops_cross, kennysheep_boxes
D:2:      wad_pebble_path, layout_basic, lemuel_doored_altar,
          grunt_decor_arrowhead
D:3:      layout_loops_ring, nicolae_overflow_hidden_temple,
          chequers_temple_overflow_statue_of_worship, gammafunk_ghost_cemetery,
          serial_bayou_crossing
D:4:      layout_cave_pools, minmay_temple_entry_proselytizer, uniq_natasha
D:5:      layout_loops_ring, serial_shops, kennysheep_mini_moat,
          ebering_ghost_inner_flame
D:6:      layout_basic, enter_ossuary_5
D:7:      layout_basic, overflow_temple_1_default,
          eat_drink_and_be_merry_uskayaw, serial_shops, nicolae_shop_crystal
D:8:      layout_cave_pools, nicolae_ru_path_of_blood,
          gammafunk_ghost_stat_death, uniq_harold
D:9:      layout_irregular_city, general_overflow_altar, grunt_gozag_statues,
          enter_bailey_5, st_stairs_1
D:10:     minmay_firetagon, layout_basic

Skill      XL: |  1  2  3  4  5  6  7  8  9 |
---------------+----------------------------+-----
Staves         | 3 4 5 6 7 9 11 13 | 13.8
Fighting       | |  1.7
Throwing       | |  1.7
Dodging        | |  2.6

Action                   |  1- 3 |  4- 6 |  7- 9 | 10-12 || total
-------------------------+-------+-------+-------+-------++-------
Melee: Quarterstaff      |   128 |   198 |   589 |    46 ||   961
Throw: Throwing net      |       |       |     2 |     3 ||     5
  Use: Scroll            |     3 |     5 |    12 |       ||    20
       Potion            |       |       |     2 |     1 ||     3
 Stab: Held in net/web   |       |       |     4 |       ||     4
Armor: Leather armour    |     5 |       |       |       ||     5
       Ring mail         |    31 |    23 |       |       ||    54
       Scale mail        |       |    61 |    52 |       ||   113
       Chain mail        |       |       |   154 |    52 ||   206
Dodge: Dodged            |    68 |    99 |   217 |    42 ||   426
Block: Other             |       |       |    76 |    19 ||    95
       Reflection        |       |       |     4 |       ||     4

Table legend: (Time is in decaauts)
 A = Elapsed time spent in this place.
 B = Non-inter-level travel time spent in this place.
 C = Inter-level travel time spent in this place.
 D = Time resting spent in this place.
 E = Time spent auto-exploring this place.
 F = Levels seen in this place.
 G = Mean time per level.
                   A        B        C        D        E       F      G
               +--------+--------+--------+--------+--------+-----+--------+
         Total |  11518 |  10635 |    883 |   3190 |   5105 |  12 |  959.8 |
       Dungeon |   9584 |   8701 |    883 |   2342 |   4637 |  10 |  958.4 |
       Ossuary |    356 |    356 |      0 |    136 |    133 |   1 |  356.0 |
        Bailey |   1577 |   1577 |      0 |    712 |    335 |   1 | 1577.0 |
               +--------+--------+--------+--------+--------+-----+--------+

Top non-repeatable levels by time:
  Bailey: 1577 daAuts
     D:5: 1348 daAuts
     D:4: 1300 daAuts
     D:3: 1281 daAuts
     D:7: 1098 daAuts
     D:9: 975 daAuts
     D:1: 943 daAuts
     D:6: 871 daAuts
     D:2: 727 daAuts
     D:8: 715 daAuts
 Ossuary: 356 daAuts
    D:10: 322 daAuts
